AoeStats
← xiskuni

Arena

509900294Analyzed
1v1 RM · 4d ago on Sep 28, 2026· 36m 17s· 2 players
Game mode
Random Map
Map size
Tiny (2 player)
Population
200
Speed
Normal
Resources
Standard
Victory
Conquest
Starting age
Dark Age
Ending age
Imperial Age
RankedLock teamsTeams togetherTeam positionsShared explorationLock speedFull tech treeHidden civsTurbo modeCheats
Victory
Defeat
🇫🇷 Celts · France
752
+18
🇪🇸 Bohemians · Spain
786
-18
Didier-Khaled
10:36 Feudal Age
16:08 Castle Age
16:51 Double-Bit Axe
17:10 Pikeman
23:24 Wheelbarrow
22:36 Loom
23:49 Forging
25:54 Bow Saw
26:03 Scale Mail Armor
29:03 Hand Cart
35:14 Imperial Age
xiskuni
10:15 Feudal Age
16:15 Castle Age
15:24 Double-Bit Axe
17:56 Bow Saw
21:02 Fervor
21:19 Loom
27:24 Imperial Age
26:11 Wheelbarrow
27:31 Chemistry
27:54 Hand Cart
28:52 Redemption
34:58 Theocracy
Connection lost

Rejoining the realm…

Still unreachable

The connection could not be restored.

Session expired

The server has moved on; the page needs a fresh start.